 Dungeon Crawl Stone Soup version 0.28-a0-828-g0121872642 (webtiles) character file.

Game seed: 4969062721474128195

98 Woods the Insei (level 4, 0/34 HPs)
             Began as a Gnoll Transmuter on Nov 11, 2021.
             Killed from afar by Ijyb (10 damage)
             ... with a puff of flame
             ... on level 3 of the Dungeon.
             The game lasted 00:02:47 (2486 turns).

Woods the Insei (Gnoll Transmuter)                  Turns: 2486, Time: 00:02:47

Health: 0/34       AC:  2    Str:  9    XL:     4   Next: 71%
Magic:  8/11       EV: 22    Int: 14    God:
Gold:   55         SH:  0    Dex: 17    Spells: 7/13 levels left

rFire   . . .      SeeInvis .     - Unarmed
rCold   . . .      Faith    .   (shield currently unavailable)
rNeg    . . .      Spirit   .   (armour currently unavailable)
rPois   x          Reflect  .   (helmet currently unavailable)
rElec   .          Harm     .   (cloak currently unavailable)
rCorr   .          Rampage  .   (gloves currently unavailable)
Will    .....                   (boots currently unavailable)
Stlth   ++........              (no amulet)
HPRegen 0.11/turn               (no ring)
MPRegen 0.12/turn               (no ring)

@: spider-form
A: venomous fangs, tiny, (fangs 1), strong nose, distributed training
a: End Transformation


You were on level 3 of the Dungeon.
You were a venomous arachnid creature.
You visited 1 branch of the dungeon, and saw 3 of its levels.

You collected 55 gold pieces.

Inventory:

Armour
 a - a +0 robe (melded)
Jewellery
 b - a ring of see invisible
Scrolls
 c - a scroll of magic mapping {unknown}
 d - 2 scrolls of immolation {unknown}
 g - a scroll of blinking {unknown}
 i - a scroll of teleportation {unknown}
 k - a scroll of enchant weapon {unknown}
Potions
 e - 2 potions of brilliance {unknown}
 f - 2 potions of curing {unknown}
 h - a potion of might {unknown}
 j - a potion of attraction {unknown}
 l - a potion of magic {unknown}
 m - a potion of degeneration {unknown}


   Skills:
 + Level 2.8 Fighting
 + Level 1.2 Short Blades
 + Level 1.2 Long Blades
 + Level 1.2 Axes
 + Level 1.2 Maces & Flails
 + Level 1.2 Polearms
 + Level 1.2 Staves
 + Level 1.2 Slings
 + Level 1.2 Bows
 + Level 1.2 Crossbows
 + Level 1.2 Throwing
 + Level 1.2 Armour
 + Level 4.7 Dodging
 + Level 1.2 Stealth
 + Level 1.2 Shields
 + Level 6.6 Unarmed Combat
 + Level 5.1 Spellcasting
 + Level 1.0 Conjurations
 + Level 1.0 Hexes
 + Level 1.0 Summonings
 + Level 1.0 Necromancy
 + Level 1.0 Translocations
 + Level 3.9 Transmutations
 + Level 1.0 Fire Magic
 + Level 1.0 Ice Magic
 + Level 1.0 Air Magic
 + Level 1.0 Earth Magic
 + Level 1.0 Poison Magic
 + Level 1.3 Invocations
 + Level 1.2 Evocations


You had 7 spell levels left.
You knew the following spells:

 Your Spells              Type           Power      Damage    Failure   Level
a - Beastly Appendage     Tmut           28%        N/A       12%         1
b - Wereblood             Tmut           14%        N/A       16%         2
c - Spider Form           Tmut/Pois      10%        N/A       38%         3

Your spell library contained the following spells:

 Spells                   Type           Power      Damage    Failure   Level
 Freeze                   Ice            24%        1d5       28%         1
 Slow                     Hex            24%        N/A       28%         1
 Confusing Touch          Hex            6%         N/A       56%         3
 Frozen Ramparts          Ice            12%        1d3       56%         3
 Ice Form                 Ice/Tmut       10%        N/A       75%         4
 Hailstorm                Conj/Ice       6%         3d4       89%         4
 Yara's Violent Unravell  Hex/Tmut       5%         3d4       96%         5


Dungeon Overview and Level Annotations

Branches:
Dungeon (3/15)

Altars:
Qazlal

Annotations:
D:3 Ijyb


Innate Abilities, Weirdness & Mutations

You are a venomous arachnid creature.
You have poisonous fangs.
You are tiny and dextrous.
Your spellcasting is less reliable in this form.
Your armour is entirely melded.
You are incapable of wielding weapons or throwing items.
((You have very sharp teeth.))
Your uncanny sense of smell can sniff out nearby items.
Your experience applies equally to all skills.


Message History

A kobold is nearby!
A kobold is nearby!
A kobold is nearby!
A kobold is nearby!
Casting: Beastly Appendage (safe; 3% risk of failure)
Confirm with . or Enter, or press ? or * to list all spells.
You extend your transformation's duration.
The kobold shouts!
You hit the kobold. You claw the kobold.
You kill the kobold!
Things that are here:
a +0 whip; a kobold corpse Your transformation is almost over.
Your horns disappear.
Your talons disappear.
Ijyb the Twisted Goblin comes into view.
She is wielding a +0 dagger and carrying a wand of flame (14).
Ijyb shouts!
You hear an angry hiss.
Ijyb is nearby!
Ijyb is nearby!
Ijyb is nearby!
This spell is quite dangerous to cast!
Memorise Frozen Ramparts, consuming 3 spell levels and leaving 4?
You start memorising the spell.
You continue memorising. x3
Ijyb zaps a wand.
Your memorisation is interrupted.
The puff of flame hits you!
Ijyb zaps a wand.
The puff of flame hits you.
Casting: Beastly Appendage (safe; 3% risk of failure)
Confirm with . or Enter, or press ? or * to list all spells.
The spell is quite dangerous to cast (19% risk of failure)!
Continue anyway?
You turn into a venomous arachnid creature.
Your +0 robe melds into your body.
Ijyb zaps a wand.
The puff of flame hits you!
You hit Ijyb but do no damage.
Ijyb is poisoned.
Ijyb hits you with a +0 dagger.
* * * LOW HITPOINT WARNING * * *
You hit Ijyb.
Ijyb looks as sick as possible!
Ijyb is lightly wounded.
Ijyb barely misses you.
You hit Ijyb.
Ijyb looks as sick as possible!
Ijyb is heavily wounded.
Ijyb zaps a wand.
The puff of flame hits you!
You die...

#########
#.......#######
#........sg...#
#........###.##
#...)....# #.#
###...##.# #.#
#...##.# #.#
#...##.###g# .
+.†.............g.
..
#........#.#.....#
...
#........#.#......


You could see Ijyb (extremely poisoned).

Vanquished Creatures
  Natasha (D:2)
  2 adders
  A worm (D:2)
  2 dart slugs
  10 bats
  2 endoplasms
  3 giant cockroaches (D:1)
  5 goblins
  8 hobgoblins
  2 kobolds
  3 quokkas
  4 ball pythons
  2 frilled lizards
  3 rats
48 creatures vanquished.

Notes
Turn   | Place    | Note
-------+----------+-------------------------------------------
     0 | D:1      | Woods the Gnoll Transmuter began the quest for the Orb.
     0 | D:1      | Reached XP level 1. HP: 17/17 MP: 6/6
   198 | D:1      | Reached XP level 2. HP: 23/23 MP: 5/7
   948 | D:2      | Reached XP level 3. HP: 28/28 MP: 7/9
   977 | D:2      | Reached skill level 5 in Spellcasting
  1171 | D:2      | Reached skill level 1 in Invocations
  1254 | D:2      | Reached skill level 1 in Short Blades
  1254 | D:2      | Reached skill level 1 in Long Blades
  1254 | D:2      | Reached skill level 1 in Axes
  1254 | D:2      | Reached skill level 1 in Maces & Flails
  1254 | D:2      | Reached skill level 1 in Polearms
  1254 | D:2      | Reached skill level 1 in Staves
  1254 | D:2      | Reached skill level 1 in Slings
  1254 | D:2      | Reached skill level 1 in Bows
  1254 | D:2      | Reached skill level 1 in Crossbows
  1254 | D:2      | Reached skill level 1 in Throwing
  1254 | D:2      | Reached skill level 1 in Armour
  1254 | D:2      | Reached skill level 1 in Stealth
  1254 | D:2      | Reached skill level 1 in Shields
  1254 | D:2      | Reached skill level 1 in Evocations
  1500 | D:2      | Found a faded altar of an unknown god.
  1517 | D:2      | Noticed Natasha
  1761 | D:1      | Learned a level 2 spell: Wereblood
  1765 | D:1      | Learned a level 3 spell: Spider Form
  1895 | D:2      | Killed Natasha
  1896 | D:2      | Reached XP level 4. HP: 10/34 MP: 4/11
  2192 | D:3      | Found a stormy altar of Qazlal.
  2211 | D:3      | Reached skill level 1 in Conjurations
  2211 | D:3      | Reached skill level 1 in Hexes
  2211 | D:3      | Reached skill level 1 in Summonings
  2211 | D:3      | Reached skill level 1 in Necromancy
  2211 | D:3      | Reached skill level 1 in Translocations
  2211 | D:3      | Reached skill level 1 in Fire Magic
  2211 | D:3      | Reached skill level 1 in Ice Magic
  2211 | D:3      | Reached skill level 1 in Air Magic
  2211 | D:3      | Reached skill level 1 in Earth Magic
  2211 | D:3      | Reached skill level 1 in Poison Magic
  2467 | D:3      | Noticed Ijyb
  2486 | D:3      | Killed from afar by Ijyb

Illustrated notes

Levels and vault maps discovered:
D:1:      dpeg_arrival_rooms_c, layout_loops_ring
D:2:      layout_rooms, shapermc_ecumenical_altar_totnotflames, uniq_natasha
D:3:      layout_basic, lightli_temple_of_fire,
          mainiacjoe_overflow_catwalk_spiral, hangedman_decor_growths,
          uniq_jessica, uniq_ijyb

Skill      XL: |  1  2  3  4 |
---------------+-------------+-----
Spellcasting   | 5 |  5.1
Invocations    | 1 |  1.3
Short Blades   | 1 |  1.2
Long Blades    | 1 |  1.2
Axes           | 1 |  1.2
Maces & Flails | 1 |  1.2
Polearms       | 1 |  1.2
Staves         | 1 |  1.2
Slings         | 1 |  1.2
Bows           | 1 |  1.2
Crossbows      | 1 |  1.2
Throwing       | 1 |  1.2
Armour         | 1 |  1.2
Stealth        | 1 |  1.2
Shields        | 1 |  1.2
Evocations     | 1 |  1.2
Conjurations   | 1 |  1.0
Hexes          | 1 |  1.0
Summonings     | 1 |  1.0
Necromancy     | 1 |  1.0
Translocations | 1 |  1.0
Fire Magic     | 1 |  1.0
Ice Magic      | 1 |  1.0
Air Magic      | 1 |  1.0
Earth Magic    | 1 |  1.0
Poison Magic   | 1 |  1.0
Fighting       | |  2.8
Dodging        | |  4.7
Unarmed Combat | |  6.6
Transmutations | |  3.9

Action                   |  1- 3 |  4- 6 || total
-------------------------+-------+-------++-------
Melee: Unarmed           |    85 |    31 ||   116
       Headbutt          |     9 |     3 ||    12
       Kick              |     9 |     3 ||    12
       Bite              |     4 |       ||     4
       Punch             |     1 |       ||     1
 Cast: Beastly Appendage |    21 |     8 ||    29
       Spider Form       |     1 |     1 ||     2
 Stab: Sleeping          |     1 |       ||     1
Armor: Robe              |    15 |     6 ||    21
Dodge: Dodged            |    63 |    18 ||    81

Table legend: (Time is in decaauts)
 A = Elapsed time spent in this place.
 B = Non-inter-level travel time spent in this place.
 C = Inter-level travel time spent in this place.
 D = Time resting spent in this place.
 E = Time spent auto-exploring this place.
 F = Levels seen in this place.
 G = Mean time per level.
                   A        B        C        D        E       F      G
               +--------+--------+--------+--------+--------+-----+--------+
         Total |   2482 |   2418 |     64 |    438 |   1547 |   3 |  827.3 |
       Dungeon |   2482 |   2418 |     64 |    438 |   1547 |   3 |  827.3 |
               +--------+--------+--------+--------+--------+-----+--------+

Top non-repeatable levels by time:
     D:1: 1133 daAuts
     D:2: 1043 daAuts
     D:3: 305 daAuts
